 Dungeon Crawl Stone Soup version 0.30-a0-134-gb40fab5c76 (webtiles) character file.

Game seed: 3319215683582338944

282 Hubris850 the Chopper (level 6, -2/52 HPs)
             Began as a Hill Orc Fighter on Sept 19, 2022.
             Was a Believer of Dithmenos.
             Slain by Natasha (3 damage)
             ... on level 4 of the Dungeon.
             The game lasted 00:06:01 (3485 turns).

Hubris850 the Chopper (Hill Orc Fighter)            Turns: 3485, Time: 00:06:02

Health: -2/52      AC:  8    Str: 21    XL:     6   Next: 28%
Magic:  6/6        EV:  9    Int:  8    God:    Dithmenos [**....]
Gold:   135        SH:  5    Dex: 10    Spells: 5/5 levels left

rFire   . . .      SeeInvis .    a - +0 war axe
rCold   . . .      Faith    .    c - +0 buckler
rNeg    . . .      Spirit   .    b - +0 scale mail
rPois   .          Reflect  .    e - +0 helmet
rElec   .          Harm     .    (no cloak)
rCorr   .          Rampage  .    (no gloves)
Will    .....                    (no boots)
Stlth   ..........               (no amulet)
HPRegen 0.17/turn                (no ring)
MPRegen 0.10/turn                (no ring)

@: wreathed by umbra
A: no striking features
a: Renounce Religion, Shadow Step


You were on level 4 of the Dungeon.
You worshipped Dithmenos.
Dithmenos was pleased with you.
You visited 1 branch of the dungeon, and saw 4 of its levels.

You collected 135 gold pieces.

Inventory:

Hand Weapons
 a - a +0 war axe (weapon)
Missiles
 k - 11 poisoned darts (quivered)
Armour
 b - a +0 scale mail (worn)
 c - a +0 buckler (worn)
 e - a +0 helmet (worn)
Jewellery
 g - an amulet of magic regeneration
 s - a +6 ring of strength
Scrolls
 f - a scroll of enchant armour {unknown}
 j - 2 scrolls of teleportation {unknown}
 p - 2 scrolls of magic mapping {unknown}
 q - a scroll of fear {unknown}
 t - 2 scrolls of summoning {unknown}
Potions
 d - a potion of might
 h - a potion of mutation {unknown}
 i - 2 potions of curing {unknown}
 l - a potion of ambrosia {unknown}
 m - 2 potions of flight {unknown}
 n - a potion of degeneration {unknown}
 o - a potion of attraction {unknown}
 r - a potion of haste {unknown}
 u - a potion of brilliance {unknown}


   Skills:
 - Level 4.0 Fighting
 + Level 5.8 Axes
 - Level 4.0 Armour
 + Level 5.4 Shields


You had 5 spell levels left.
You didn't know any spells.
Your spell library contained the following spells:

 Spells                   Type           Power      Damage    Failure   Level
 Dazzling Flash           Conj/Hex       0%         N/A       99%         3
 Ignite Poison            Fire/Tmut/Pois 0%         N/A       99%         3
 Mephitic Cloud           Conj/Pois/Air  0%         N/A       99%         3
 Agony                    Necr           0%         N/A       100%        5
 Freezing Cloud           Conj/Ice/Air   0%         6-21      100%        5
 Silence                  Hex/Air        0%         N/A       100%        5


Dungeon Overview and Level Annotations

Branches:
Dungeon (4/15)
 Temple: D:4-7

Altars:
Dithmenos
Yredelemnul
Zin

Shops:
D:2 [

Annotations:
D:4 Natasha


Message History

No target in view!
Natasha, Servant of Life and Death comes into view.
Natasha hisses angrily.
Natasha howls an incantation.
You feel disoriented.
Natasha drinks a potion.
Natasha flickers and vanishes!
Deactivating autopickup; reactivate with Ctrl-A.
No target in view!
No target in view!
You miss something. Something completely misses you.
You closely miss something.
You hear some strange, mumbled words.
A magic dart appears from out of thin air!
The magic dart hits you!
You miss something. Something claws you. x2
You hit something but do no damage.
You hear some strange, mumbled words.
A magic dart appears from out of thin air!
The magic dart hits you!
You barely miss something. Something claws you.
You miss something. Something claws you.
You miss something. Something claws you. You block something's attack.
You hit something.
You hear some strange, mumbled words.
You hit something. Something claws you.
You closely miss something. You hit the crimson imp. Something claws you.
You block the crimson imp's attack. Something claws you but does no damage.
You barely miss something. You hit the crimson imp.
The crimson imp blinks!
Something claws you!
* * * LOW HITPOINT WARNING * * *
You hit something but do no damage. Something claws you!
* * * LOW HITPOINT WARNING * * *
The crimson imp blinks!
You closely miss something. Something claws you but does no damage.
You closely miss something. Something claws you.
* * * LOW HITPOINT WARNING * * *
You hit something. You barely miss the crimson imp. Something claws you.
* * * LOW HITPOINT WARNING * * *
The crimson imp blinks!
Something claws you.
You die...

#....# #.....##.##.###..........
#....# #........#...............
#....# #.....###################
#....#######................####
##...........############......#
..........)(....# #†.....#
###############.# #......#
##............#'###########.####
...##########...@{.......##.#
#..# #.5.§........##.# #..#
#...............# #..#
#............#### #..#
#.############ #..# #.# #..# #.#
##### #..# #.# #.... #.# #....


You could see a crimson imp (summoned).

Vanquished Creatures
  A bullfrog (D:4)
  An iguana (D:4)
  Natasha (twice) (D:4)
  5 adders
  3 gnolls (D:2)
  4 worms (D:2)
  4 dart slugs
  3 bats
  4 endoplasms
  4 giant cockroaches
  2 goblins
  4 hobgoblins
  6 jackals
  3 kobolds
  3 quokkas
  2 ball pythons
  4 frilled lizards
  5 rats
60 creatures vanquished.

Notes
Turn   | Place    | Note
-------+----------+-------------------------------------------
     0 | D:1      | Hubris850 the Hill Orc Fighter began the quest for the Orb.
     0 | D:1      | Reached XP level 1. HP: 19/19 MP: 1/1
    29 | D:1      | Found a faded altar of an unknown god.
    40 | D:1      | Prayed at the altar of an unknown god.
    40 | D:1      | Became a worshipper of Dithmenos the Shadowed
    40 | D:1      | Reached * piety under Dithmenos
   116 | D:1      | Reached XP level 2. HP: 16/27 MP: 2/2
   268 | D:1      | You fall into a shaft and drop 1 floor!
   298 | D:2      | Reached XP level 3. HP: 30/33 MP: 3/3
   817 | D:1      | Reached XP level 4. HP: 36/40 MP: 4/4
   947 | D:2      | Reached ** piety under Dithmenos
   997 | D:2      | Found Sikk's Antique Armour Shoppe.
  1809 | D:3      | Reached XP level 5. HP: 43/46 MP: 5/5
  2400 | D:4      | Noticed Natasha
  2409 | D:4      | Killed Natasha
  2682 | D:4      | Noticed Natasha
  2696 | D:4      | Killed Natasha
  2697 | D:4      | Reached skill level 5 in Axes
  2774 | D:4      | Reached skill level 5 in Shields
  2850 | D:4      | Reached XP level 6. HP: 35/52 MP: 6/6
  3185 | D:4      | Found a basalt altar of Yredelemnul.
  3199 | D:4      | Found a glowing silver altar of Zin.
  3467 | D:4      | Noticed Natasha
  3485 | D:4      | HP: 1/52 [something (3)]
  3485 | D:4      | Slain by Natasha

Illustrated notes

Levels and vault maps discovered:
D:1:      shiori_arrival_oz, layout_basic,
          shapermc_ecumenical_altar_totnotflames
D:2:      layout_basic, serial_shops, shop
D:3:      layout_rooms, serial_co_window_serial, co_window_paths_a,
          co_window_paths_b, co_window_paths_a, co_window_paths_a,
          co_window_corner_a, co_window_corner_a, co_window_unsneaky_path_b,
          co_window_broadway_b, co_window_corner_b, co_window_2corner,
          co_window_broadway_c, co_window_of_opportunity_b, co_window_4corner_b,
          grunt_decor_mini_mirrors
D:4:      layout_basic, mainiacjoe_overflow_swirl, uniq_ijyb, uniq_edmund,
          uniq_natasha

Skill      XL: |  1  2  3  4  5 |
---------------+----------------+-----
Axes           | 3 4 5 |  5.8
Fighting       | 4 |  4.0
Shields        | 4 5 |  5.4
Armour         | 4 |  4.0

Action                   |  1- 3 |  4- 6 || total
-------------------------+-------+-------++-------
Melee: War axe           |    64 |   138 ||   202
Throw: Dart              |       |    10 ||    10
  Use: Potion            |     1 |       ||     1
Armor: Scale mail        |    31 |    66 ||    97
Dodge: Dodged            |    30 |    73 ||   103
Block: Buckler           |    15 |    32 ||    47

Table legend: (Time is in decaauts)
 A = Elapsed time spent in this place.
 B = Non-inter-level travel time spent in this place.
 C = Inter-level travel time spent in this place.
 D = Time resting spent in this place.
 E = Time spent auto-exploring this place.
 F = Levels seen in this place.
 G = Mean time per level.
                   A        B        C        D        E       F      G
               +--------+--------+--------+--------+--------+-----+--------+
         Total |   3550 |   3473 |     77 |      0 |   2940 |   4 |  887.5 |
       Dungeon |   3550 |   3473 |     77 |      0 |   2940 |   4 |  887.5 |
               +--------+--------+--------+--------+--------+-----+--------+

Top non-repeatable levels by time:
     D:4: 1102 daAuts
     D:3: 946 daAuts
     D:1: 873 daAuts
     D:2: 627 daAuts
